 Dungeon Crawl Stone Soup version 0.20.0-15-g7f486f2 (webtiles) character file.

280 vishdafish the Shield-Bearer (level 6, -1/48 HPs)
             Began as a Formicid Fighter on June 30, 2017.
             Slain by a gnoll
             ... wielding a +0 halberd
              (5 damage)
             ... on level 2 of the Dungeon.
             The game lasted 00:03:22 (1971 turns).

vishdafish the Shield-Bearer (Formicid Fighter)     Turns: 1971, Time: 00:03:24

Health: -1/48      AC:  9    Str: 22    XL:     6   Next: 52%
Magic:  6/6        EV:  4    Int:  8    God:
Gold:   100        SH:  0    Dex: 10    Spells: 5/5 levels left

rFire    + . .     SeeInvis +   a - +0 war axe
rCold    + . .     Gourm    .   c - +0 shield
rNeg     . . .     Faith    .   b - +0 scale mail
rPois    +         Spirit   .   (helmet unavailable)
rElec    +         Reflect  .   r - +1 cloak {+Inv}
rCorr    +         Harm     .   (no gloves)
MR       .....                  (no boots)
Stlth    ..........             (no amulet)
Regen    0.2/turn               (no ring)
MPRegen  0.1/turn               (no ring)

@: resistant, held
A: permanent stasis, dig shafts and tunnels, four strong arms, antennae 3
a: Dig, Shaft Self, Evoke Invisibility


You were on level 2 of the Dungeon.
You were not hungry.

You visited 1 branch of the dungeon, and saw 2 of its levels.

You collected 100 gold pieces.

Inventory:

Hand Weapons
 a - a +0 war axe (weapon)
Armour
 b - a +0 scale mail (worn)
 c - a +0 shield (worn)
 r - a +1 cloak of invisibility (worn)
Wands
 d - a wand of polymorph (11/24)
Scrolls
 e - 2 scrolls of noise {unknown}
 h - 2 scrolls of teleportation {unknown}
 l - 2 scrolls of enchant weapon {unknown}
 m - a scroll of remove curse {unknown}
 n - a scroll of recharging {unknown}
 q - a scroll of fog {unknown}
Potions
 g - a potion of lignification {unknown}
 i - a potion of curing {unknown}
 j - a potion of heal wounds {unknown}
 p - a potion of resistance
Comestibles
 f - 3 bread rations
 k - a meat ration
 o - 4 fruits


   Skills:
 + Level 4.2 Fighting
 + Level 4.4 Axes
 + Level 4.0 Armour
 + Level 1.1 Dodging
 + Level 1.0 Stealth
 + Level 4.6 Shields


You had 5 spell levels left.
You didn't know any spells.

Dungeon Overview and Level Annotations

Branches:
Dungeon (2/15)

Altars:
Trog


Innate Abilities, Weirdness & Mutations

You cannot be hasted, slowed, berserked, paralysed or teleported.
You can dig through walls and to a lower floor.
Your four strong arms can wield two-handed weapons with a shield.
You have a pair of large antennae on your head. (SInv)


Message History

You struggle against the net.
The gnoll hits you from afar with a spear.
You struggle against the net.
The gnoll hits you with a flail.
The gnoll hits you from afar with a halberd.
The gnoll barely misses you. The gnoll hits you but does no damage.
You struggle against the net.
The gnoll hits you with a flail. The gnoll barely misses you.
The gnoll hits you but does no damage.
The gnoll hits you from afar with a spear.
You struggle against the net.
The gnoll barely misses you.
The gnoll hits you from afar with a halberd.
The gnoll barely misses you.
The gnoll hits you from afar with a spear!
* * * LOW HITPOINT WARNING * * *
It was a potion of resistance.
You feel protected. The gnoll hits you with a flail.
* * * LOW HITPOINT WARNING * * *
The gnoll hits you but does no damage. x2
The gnoll hits you from afar with a halberd.
You die...

##########.#.#.#..###.#.#
##.#............#
#.........##....#
##.##.............#
#.##.....#####...##
##############.#....## ##.##
.............##.ggg.# #.#
....##.#####....g...# #.#
.##.##.#####..##@#..#######.#
.>#....##.##................#
.....#>#...#..##<############
.....[...........#
.#.#.#........####
##.#.####.###.# ##.#.# #.#
#.# ##.#.####.# #.#
..........###.#


You could see 4 gnolls.

Vanquished Creatures
  Sigmund (D:2)
  Crazy Yiuf (D:2)
  Jessica (D:2)
  A gnoll (D:1)
  2 adders
  An ooze (D:1)
  2 dart slugs (D:1)
  3 leopard geckos (D:2)
  An orc (D:2)
  A giant cockroach (D:2)
  A goblin (D:2)
  7 hobgoblins
  3 jackals (D:2)
  5 kobolds (D:1)
  A quokka (D:2)
  3 bats
  4 frilled lizards
  7 rats
45 creatures vanquished.

Notes
Turn   | Place    | Note
-------+----------+-------------------------------------------
     0 | D:1      | vishdafish the Formicid Fighter began the quest for the Orb.
     0 | D:1      | Reached XP level 1. HP: 18/18 MP: 1/1
   119 | D:1      | Reached XP level 2. HP: 24/24 MP: 2/2
   354 | D:1      | Reached XP level 3. HP: 25/30 MP: 3/3
  1074 | D:2      | Found a bloodstained altar of Trog.
  1100 | D:2      | Reached XP level 4. HP: 32/37 MP: 4/4
  1112 | D:2      | Noticed Jessica
  1130 | D:2      | Killed Jessica
  1440 | D:2      | Noticed Sigmund
  1485 | D:1      | Reached XP level 5. HP: 37/42 MP: 5/5
  1528 | D:2      | Killed Sigmund
  1528 | D:2      | Reached skill level 1 in Dodging
  1528 | D:2      | Reached XP level 6. HP: 46/48 MP: 6/6
  1639 | D:2      | Found a runed door.
  1797 | D:2      | Noticed Crazy Yiuf
  1800 | D:2      | Killed Crazy Yiuf
  1800 | D:2      | Reached skill level 1 in Stealth
  1971 | D:2      | Slain by a gnoll

Skill      XL: |  1  2  3  4  5  6 |
---------------+-------------------+-----
Axes           | 3 4 |  4.4
Shields        | 4 |  4.6
Fighting       | 4 |  4.2
Armour         | 4 |  4.0
Dodging        | 1 |  1.1
Stealth        | 1 |  1.0

Action                   |  1- 3 |  4- 6 || total
-------------------------+-------+-------++-------
Melee: War axe           |   131 |    68 ||   199
  Use: Potion            |       |     2 ||     2
  Eat: Chunk             |     1 |     3 ||     4
Armor: Scale mail        |    39 |    38 ||    77
Dodge: Dodged            |    35 |    38 ||    73
Block: Shield            |    66 |    50 ||   116
